 Dungeon Crawl Stone Soup version 0.21.0-24-g2553a33 (webtiles) character file.

67 tidbits the Conjurer (level 4, -3/32 HPs)
             Began as a Gnoll Wanderer on Jan 20, 2018.
             Slain by a centaur skeleton (4 damage)
             ... on level 2 of the Dungeon.
             The game lasted 00:04:47 (300 turns).

tidbits the Conjurer (Gnoll Wanderer)                Turns: 300, Time: 00:04:48

Health: -3/32      AC:  2    Str: 15    XL:     4   Next: 16%
Magic:  8/8        EV: 12    Int: 18    God:
Gold:   41         SH:  0    Dex: 11    Spells: 7/8 levels left

rFire    . . .     SeeInvis .   a - +0 dagger
rCold    . . .     Gourm    .   (no shield)
rNeg     . . .     Faith    .   d - +0 robe
rPois    .         Spirit   .   (no helmet)
rElec    .         Reflect  .   (no cloak)
rCorr    .         Harm     .   (no gloves)
MR       .....                  (no boots)
Stlth    ++........             (no amulet)
HPRegen  0.10/turn              (no ring)
MPRegen  0.11/turn              (no ring)

@: no status effects
A: distributed training, fangs 1, strong nose
a: no special abilities


You were on level 2 of the Dungeon.
You were not hungry.

You visited 1 branch of the dungeon, and saw 2 of its levels.

You collected 41 gold pieces.

Inventory:

Hand Weapons
 a - a +0 dagger (weapon)
 e - a +0 club
 j - a +0 mace
Missiles
 h - 18 arrows
Armour
 d - a +0 robe (worn)
Potions
 g - a potion of resistance
Books
 b - the Guide on Unholy Secrets

   Spells                             Type                      Level
   a - Animate Skeleton               Necromancy                   1
   b - Regeneration                   Charms/Necromancy            3
 c - Wyuciler's Papyrus of Attacks

   Spells                             Type                      Level
   a - Magic Dart                     Conjuration                  1
   b - Mephitic Cloud                 Conjuration/Poison/Air       3
 k - a book of Spatial Translocations

   Spells                             Type                      Level
   a - Blink                          Translocation                2
   b - Shroud of Golubria             Charms/Translocation         2
   c - Lesser Beckoning               Translocation                3
   d - Gell's Gravitas                Translocation                3
   e - Teleport Other                 Translocation                3
   f - Passage of Golubria            Translocation                4
Comestibles
 f - 2 rations


   Skills:
 + Level 1.0 Fighting
 + Level 1.0 Short Blades
 + Level 1.0 Long Blades
 + Level 1.0 Axes
 + Level 1.0 Maces & Flails
 + Level 2.7 Polearms
 + Level 1.0 Staves
 + Level 1.0 Slings
 + Level 1.0 Bows
 + Level 1.0 Crossbows
 + Level 2.7 Throwing
 + Level 1.0 Armour
 + Level 2.7 Dodging
 + Level 2.5 Stealth
 + Level 2.7 Shields
 + Level 1.0 Unarmed Combat
 + Level 2.9 Spellcasting
 + Level 5.4 Conjurations
 + Level 0.8 Hexes
 + Level 0.8 Charms
 + Level 0.8 Summonings
 + Level 0.8 Necromancy
 + Level 2.2 Translocations
 + Level 0.8 Transmutations
 + Level 0.8 Fire Magic
 + Level 0.8 Ice Magic
 + Level 0.8 Air Magic
 + Level 0.8 Earth Magic
 + Level 0.8 Poison Magic
 + Level 1.1 Invocations
 + Level 1.0 Evocations


You had 7 spell levels left.
You knew the following spells:

 Your Spells              Type           Power        Failure   Level  Hunger
a - Magic Dart            Conj           ###.         1%          1    None


Dungeon Overview and Level Annotations

Branches:
Dungeon (2/15)

Altars:


Innate Abilities, Weirdness & Mutations

Your experience applies equally to all skills.
You have very sharp teeth.
Your uncanny sense of smell can sniff out nearby items.


Message History

You barely miss the jackal. Your bite misses the jackal. The jackal bites you.
* * * LOW HITPOINT WARNING * * *
The jackal bites you.
* * * LOW HITPOINT WARNING * * *
You barely miss the jackal.
The jackal bites you but does no damage.
You puncture the jackal!
You kill the jackal!
You closely miss the hobgoblin. Your bite misses the hobgoblin.
You puncture the hobgoblin!
You kill the hobgoblin!
You hit the frilled lizard.
You kill the frilled lizard!
Things that are here:
a dagger; a kobold corpse You see here a stone.
A worm comes into view.
Items here: ) ††† a club; a hobgoblin corpse; a jackal corpse; a ball python corpse
Found a scroll labeled SOREZA DYTS.
Casting: Magic Dart
Confirm with . or Enter, or press ? or * to list all spells.
Aiming: Magic Dart
Press: ? - help, Shift-Dir - straight line, f - worm
Aim: a worm The magic dart hits the worm.
The worm is lightly wounded.
Casting: Magic Dart
Confirm with . or Enter, or press ? or * to list all spells.
Aiming: Magic Dart
Press: ? - help, Shift-Dir - straight line, f/p - worm
Aim: a worm (lightly wounded)
The magic dart hits the worm.
The worm is moderately wounded.
You hit the worm.
The worm is heavily wounded.
The worm bites you.
* * * LOW HITPOINT WARNING * * *
You puncture the worm!
You kill the worm!
You see here a potion of resistance.
g - a potion of resistance
Found 11 gold pieces.
A hobgoblin comes into view.
Found 18 arrows and a hunting sling.
You see here a scroll labeled SOREZA DYTS.
As you read the scroll labeled SOREZA DYTS, it crumbles to dust.
It is a scroll of identify.
j - a +0 mace The hobgoblin shouts!
You feel a little less mighty now.
You hit the hobgoblin.
The hobgoblin is moderately wounded.
You closely miss the hobgoblin.
The hobgoblin is moderately wounded.
The hobgoblin completely misses you.
Casting: Magic Dart
Confirm with . or Enter, or press ? or * to list all spells.
Aiming: Magic Dart
Press: ? - help, Shift-Dir - straight line, f - hobgoblin
Aim: a hobgoblin (moderately wounded)
The magic dart hits the hobgoblin.
You kill the hobgoblin!
You see here 18 arrows.
h - 18 arrows A centaur skeleton comes into view.
You start to feel less resistant.
Okay, then.
Your resistance to elements expires.
Okay, then.
Wield which item (- for none, * to show all)? (? for menu, Esc to quit)
Okay, then.
Press: ? - help, v - describe, . - travel
Here: a centaur skeleton The floor.
Okay, then.
You hit the centaur skeleton.
The centaur skeleton is lightly damaged.
The centaur skeleton hits you!
* * * LOW HITPOINT WARNING * * *
The centaur skeleton hits you.
* * * LOW HITPOINT WARNING * * *
Okay, then.
You hit the centaur skeleton.
The centaur skeleton is lightly damaged.
The centaur skeleton closely misses you.
You hit the centaur skeleton.
The centaur skeleton is moderately damaged.
The centaur skeleton hits you but does no damage.
You hit the centaur skeleton.
The centaur skeleton is moderately damaged.
The centaur skeleton hits you.
* * * LOW HITPOINT WARNING * * *
The centaur skeleton hits you but does no damage.
The centaur skeleton hits you but does no damage.
You hit the centaur skeleton.
You bite the centaur skeleton, but do no damage.
The centaur skeleton is heavily damaged.
The centaur skeleton hits you.
You die...

#########
#.......#
........##########
.................#
...............Z@#
.....##..........#
.....#############
.....# ∆ .....# ∆
...Z.## ......#
......# #.....#


You could see a centaur skeleton.

Vanquished Creatures
  Natasha (D:2)
  2 adders (D:2)
  A worm (D:2)
  A ball python (D:2)
  4 hobgoblins
  2 jackals (D:2)
  4 kobolds
  A bat (D:1)
  2 frilled lizards
  2 goblins (D:1)
  5 rats (D:1)
25 creatures vanquished.

Notes
Turn   | Place    | Note
-------+----------+-------------------------------------------
     0 | D:1      | tidbits the Gnoll Wanderer began the quest for the Orb.
     0 | D:1      | tidbits set off with: a book of Spatial Translocations, the Guide on Unholy Secrets, Wyuciler's Papyrus of Attacks, a +0 robe, a +0 club, a ration
     0 | D:1      | Reached XP level 1. HP: 13/13 MP: 4/4
     0 | D:1      | Identified the Guide on Unholy Secrets
     0 | D:1      | Identified Wyuciler's Papyrus of Attacks
     2 | D:1      | Learned a level 1 spell: Magic Dart
    70 | D:1      | Reached skill level 2 in Translocations
   109 | D:1      | Reached XP level 2. HP: 11/19 MP: 0/5
   166 | D:2      | HP: 1/20 [adder (3)]
   183 | D:2      | Reached XP level 3. HP: 25/25 MP: 5/7
   186 | D:2      | Noticed Natasha
   190 | D:2      | Killed Natasha
   190 | D:2      | Reached skill level 1 in Fighting
   190 | D:2      | Reached skill level 1 in Short Blades
   190 | D:2      | Reached skill level 1 in Long Blades
   190 | D:2      | Reached skill level 1 in Axes
   190 | D:2      | Reached skill level 1 in Maces & Flails
   190 | D:2      | Reached skill level 1 in Staves
   190 | D:2      | Reached skill level 1 in Slings
   190 | D:2      | Reached skill level 1 in Bows
   190 | D:2      | Reached skill level 1 in Crossbows
   190 | D:2      | Reached skill level 1 in Armour
   190 | D:2      | Reached skill level 1 in Unarmed Combat
   190 | D:2      | Reached skill level 1 in Invocations
   190 | D:2      | Reached skill level 1 in Evocations
   231 | D:2      | Reached XP level 4. HP: 20/32 MP: 3/8
   289 | D:2      | HP: 3/32 [centaur skeleton (6)]
   293 | D:2      | HP: 1/32 [centaur skeleton (3)]
   300 | D:2      | Slain by a centaur skeleton

Skill      XL: |  1  2  3 |
---------------+----------+-----
Translocations | 2 |  2.2
Fighting       | 1 |  1.0
Short Blades   | 1 |  1.0
Long Blades    | 1 |  1.0
Axes           | 1 |  1.0
Maces & Flails | 1 |  1.0
Staves         | 1 |  1.0
Slings         | 1 |  1.0
Bows           | 1 |  1.0
Crossbows      | 1 |  1.0
Armour         | 1 |  1.0
Unarmed Combat | 1 |  1.0
Invocations    | 1 |  1.1
Evocations     | 1 |  1.0
Polearms       | |  2.7
Throwing       | |  2.7
Dodging        | |  2.7
Stealth        | |  2.5
Shields        | |  2.7
Spellcasting   | |  2.9
Conjurations   | |  5.4
Hexes          | |  0.8
Charms         | |  0.8
Summonings     | |  0.8
Necromancy     | |  0.8
Transmutations | |  0.8
Fire Magic     | |  0.8
Ice Magic      | |  0.8
Air Magic      | |  0.8
Earth Magic    | |  0.8
Poison Magic   | |  0.8

Action                   |  1- 3 |  4- 6 || total
-------------------------+-------+-------++-------
Melee: Club              |    16 |       ||    16
       Bite              |     1 |     1 ||     2
       Dagger            |    15 |    18 ||    33
       Punch             |       |     1 ||     1
 Cast: Magic Dart        |    22 |     3 ||    25
  Use: Potion            |     5 |       ||     5
       Scroll            |       |     1 ||     1
 Stab: Sleeping          |     1 |       ||     1
Armor: Robe              |     6 |     4 ||    10
Dodge: Dodged            |    25 |     4 ||    29

Table legend:
 A = Turns spent in this place as a percentage of turns spent in the entire game.
 B = Non-inter-level travel turns spent in this place as a percentage of non-inter-level travel turns spent in the entire game.
 C = Inter-level travel turns spent in this place as a percentage of turns spent in this place.
 D = Turns resting spent in this place as a percentage of non-inter-level travel turns spent in this place.
 E = Turns spent auto-exploring this place as a percentage of non-inter-level travel turns spent in this place.
 F = Non-inter-level travel turns spent in this place divided by the number of levels of this place that you've seen.
                   A       B       C       D       E      F
               +-------+-------+-------+-------+-------+----------------------
         Total | 100.0 | 100.0 |   0.0 |   0.0 |   0.0 | 150.0
       Dungeon | 100.0 | 100.0 |   0.0 |   0.0 |   0.0 | 150.0
               +-------+-------+-------+-------+-------+----------------------

Table legend:
 A = Kills in this place as a percentage of kills in entire the game.
 B = Kills by you in this place as a percentage of kills by you in the entire game.
 C = Kills by friends in this place as a percentage of kills by friends in the entire game.
 D = Other kills in this place as a percentage of other kills in the entire game.
 E = Experience gained in this place as a percentage of experience gained in the entire game.
 F = Experience gained in this place divided by the number of levels of this place that you have seen.
                   A       B       C       D       E      F
               +-------+-------+-------+-------+-------+----------------------
         Total | 100.0 | 100.0 |   N/A |   N/A | 100.0 |  48.0
       Dungeon | 100.0 | 100.0 |   N/A |   N/A | 100.0 |  48.0
               +-------+-------+-------+-------+-------+----------------------

Vault maps used:
D:1:      lightli_arrival_statue_moat, minivault_14
D:2:      chequers_ecumenical_altar_simple_redux, uniq_natasha
